 Dungeon Crawl Stone Soup version 0.30-a0-627-gc11e7ae810 (webtiles) character file.

Game seed: 12852347837734151216

124 Dartaoz the Slasher (level 4, -7/35 HPs)
             Began as a Demonspawn Fighter on Jan 12, 2023.
             Mangled by an ogre
             ... wielding a +0 giant club
              (15 damage)
             ... on level 4 of the Dungeon.
             The game lasted 00:04:33 (1754 turns).

Dartaoz the Slasher (Demonspawn Fighter)            Turns: 1754, Time: 00:04:34

Health: -7/35      AC:  8    Str: 16    XL:     4   Next: 81%
Magic:  4/4        EV:  8    Int:  9    God:
Gold:   183        SH:  9    Dex: 15    Spells: 3/3 levels left

rFire   . . .      SeeInvis .    a - +0 long sword
rCold   . . .      Faith    .    c - +0 buckler
rNeg    . . .      Spirit   .    b - +0 scale mail
rPois   .          Reflect  .    (no helmet)
rElec   .          Harm     .    (no cloak)
rCorr   .          Rampage  .    (no gloves)
Will    .....                    (no boots) Stlth
                                 (no amulet)
HPRegen 0.25/turn                (no ring)
MPRegen 0.09/turn                (no ring)

@: no status effects
A: claws 1, yellow scales 1, condensation shield
a: no special abilities


You were on level 4 of the Dungeon.
You visited 1 branch of the dungeon, and saw 4 of its levels.

You collected 183 gold pieces.

Inventory:

Hand Weapons
 a - a +0 long sword (weapon)
Missiles
 m - 3 poisoned darts (quivered)
Armour
 b - a +0 scale mail (worn)
 c - a +0 buckler (worn)
Jewellery
 n - an amulet of guardian spirit
Scrolls
 e - 2 scrolls of fear {unknown}
 h - 3 scrolls of identify {unknown}
 j - 2 scrolls of teleportation {unknown}
 k - a scroll of poison {unknown}
 l - a scroll of enchant weapon {unknown}
Potions
 d - a potion of might
 f - a potion of curing {unknown}
 g - a potion of cancellation {unknown}
 i - a potion of mutation {unknown}
 o - a potion of lignification {unknown}


   Skills:
 - Level 3.0 Fighting
 + Level 4.6 Long Blades
 - Level 2.6 Armour
 - Level 2.6 Shields


You had 3 spell levels left.
You didn't know any spells.
Your spell library contained the following spells:

 Spells                   Type           Power      Damage    Failure   Level
 Kindle Blastsparks       Fire/Tloc/Air  0%         2d10      99%         3
 Fulminant Prism          Conj/Hex       0%         3d5       100%        4
 Iskenderun's Mystic Bla  Conj/Tloc      0%         2d3       100%        4
 Lee's Rapid Deconstruct  Erth           0%         3d4*      100%        5


Dungeon Overview and Level Annotations

Branches:
Dungeon (3/15)

Altars:


Innate Abilities, Weirdness & Mutations

You have sharp fingernails.
You are partially covered in yellow scales. (AC +2)
A meltable shield of frost defends you. (SH +4)


Message History

The hound is moderately wounded.
You block the jackal's attack. You block the quokka's attack.
The hound barely misses you. You block the jackal's attack.
You block the hound's attack. The quokka barely misses you.
You hit the hound but do no damage.
The hound is moderately wounded.
You block the jackal's attack. You block the hound's attack.
The quokka closely misses you.
The jackal bites you but does no damage.
The hound bites you.
You slash the hound!
You kill the hound!
The quokka bites you. The ogre hits you with a +0 giant club.
The jackal bites you but does no damage.
The ufetubus closely misses you. The ufetubus hits you.
The quokka closely misses you.
You hit the ufetubus.
The ufetubus is moderately wounded.
The jackal bites you.
The ufetubus hits you. x2; You block the ogre's attack.
The quokka bites you but does no damage.
The jackal barely misses you. You block the ufetubus's attack.
The ufetubus hits you.
You closely miss the ufetubus.
The ufetubus is moderately wounded.
The ufetubus hits you. You block the ufetubus's attack.
The jackal closely misses you.
The quokka bites you but does no damage.
You block the ogre's attack. The ufetubus hits you. x2
* * * LOW HITPOINT WARNING * * *
The jackal barely misses you. The quokka bites you.
* * * LOW HITPOINT WARNING * * *
You barely miss the ufetubus.
The ufetubus is moderately wounded.
The ufetubus closely misses you.
The ufetubus hits you but does no damage.
The jackal bites you but does no damage.
You block the quokka's attack.
The ufetubus hits you but does no damage.
You block the ufetubus's attack. The ogre hits you with a +0 giant club!
You die...

### ########### #......#
#.........#
#......#######.........#
#............#.........#
#......................#
#...............).....#
#...............†.....#
##...........#.Orh.....#
.............###@#...###
..............##5#...###..
................K.........
..........................
.............##...........
.............##.........##
.............##...#######
....#..#####.....†########.
....#.... .................


You could see an ogre, an ufetubus, a quokka, a jackal and a kobold.

Vanquished Creatures
  A hound (D:4)
  2 adders (D:2)
  6 dart slugs
  4 bats
  2 endoplasms (D:2)
  4 giant cockroaches (D:2)
  9 hobgoblins
  4 jackals
  3 kobolds
  3 quokkas
  6 ball pythons
  A frilled lizard (D:2)
  8 goblins
  6 rats
59 creatures vanquished.

Notes
Turn   | Place    | Note
-------+----------+-------------------------------------------
     0 | D:1      | Dartaoz the Demonspawn Fighter began the quest for the Orb.
     0 | D:1      | Reached XP level 1. HP: 18/18 MP: 1/1
    51 | D:1      | Reached skill level 2 in Long Blades
   154 | D:1      | Gained mutation: A meltable shield of frost defends you.
                  | (SH +4) [demonic ancestry]
   154 | D:1      | Reached XP level 2. HP: 24/24 MP: 2/2
   335 | D:1      | Reached skill level 3 in Long Blades
   390 | D:1      | Gained mutation: You are partially covered in yellow
                  | scales. (AC +2) [demonic ancestry]
   390 | D:1      | Reached XP level 3. HP: 27/29 MP: 3/3
  1081 | D:2      | Gained mutation: You have sharp fingernails. [demonic
                  | ancestry]
  1081 | D:2      | Reached XP level 4. HP: 35/35 MP: 4/4
  1087 | D:2      | Reached skill level 4 in Long Blades
  1656 | D:3      | You fall into a shaft and drop 1 floor!
  1730 | D:4      | Noticed an ogre
  1754 | D:4      | Mangled by an ogre

Illustrated notes

Levels and vault maps discovered:
D:1:      reono_arrival_forest_river, layout_basic
D:2:      layout_loops_ring, serial_rivers, chequers_serial_rivers_marsh,
          chequers_serial_rivers_large_a, chequers_serial_rivers_room_a,
          chequers_serial_rivers_micro_d, chequers_serial_rivers_room_a
D:3:      layout_basic, serial_shops, nicolae_shop_crystal,
          nicolae_shop_crystal, minmay_misc_feat_tiny, hangedman_decor_push,
          minmay_cut_off
D:4:      layout_basic, nicolae_uskayaw_suspiria, uniq_natasha, uniq_ijyb

Skill      XL: |  1  2  3  4 |
---------------+-------------+-----
Long Blades    | 2 3 4 |  4.6
Fighting       | |  3.0
Armour         | |  2.6
Shields        | |  2.6

Action                   |  1- 3 |  4- 6 || total
-------------------------+-------+-------++-------
Melee: Long sword        |   148 |    50 ||   198
Armor: Scale mail        |    96 |    37 ||   133
Dodge: Dodged            |    72 |    30 ||   102
Block: Buckler           |    86 |    37 ||   123

Table legend: (Time is in decaauts)
 A = Elapsed time spent in this place.
 B = Non-inter-level travel time spent in this place.
 C = Inter-level travel time spent in this place.
 D = Time resting spent in this place.
 E = Time spent auto-exploring this place.
 F = Levels seen in this place.
 G = Mean time per level.
                   A        B        C        D        E       F      G
               +--------+--------+--------+--------+--------+-----+--------+
         Total |   1832 |   1814 |     18 |      0 |   1393 |   4 |  458.0 |
       Dungeon |   1832 |   1814 |     18 |      0 |   1393 |   4 |  458.0 |
               +--------+--------+--------+--------+--------+-----+--------+

Top non-repeatable levels by time:
     D:2: 1070 daAuts
     D:1: 632 daAuts
     D:4: 103 daAuts
     D:3: 25 daAuts
